 Dungeon Crawl Stone Soup version 0.31-a0-1074-g0b22e4e0f1 (webtiles) character file.

Game seed: 8993341572828918746

1353 Smoke131 the Trooper (level 8, -5/84 HPs)
             Began as an Ogre Gladiator on Dec 5, 2023.
             Was a Believer of Okawaru.
             Slain by a steam dragon (8 damage)
             ... on level 6 of the Dungeon.
             The game lasted 00:16:49 (5329 turns).

Smoke131 the Trooper (Ogre Gladiator)               Turns: 5329, Time: 00:16:49

Health: -5/84      AC:  8    Str: 25    XL:     8   Next: 63%
Magic:  10/10      EV: 10    Int:  8    God:    Okawaru [**....]
Gold:   231        SH:  5    Dex:  9    Spells: 7/7 levels left

rFire   . . .        a - +0 flail
rCold   + . .        (no shield)
rNeg    . . .        b - +0 robe
rPois   .            f - +2 hat
rElec   .            (no cloak)
rCorr   .            (gloves unavailable)
SInv    .            (boots unavailable)
Will    .....        w - amulet of reflection
Stlth   +            (no ring)
HPRegen 0.34/turn    (no ring)
MPRegen 0.12/turn

%: reflection
@: no status effects
A: large, unfitting armour, tough skin 1, iridescent scales 1, cold resistance
1, shaggy fur 1, strong 1
a: Renounce Religion, Heroism


You were on level 6 of the Dungeon.
You worshipped Okawaru.
Okawaru was pleased with you.
You visited 1 branch of the dungeon, and saw 6 of its levels.
You also visited: Ossuary.

You collected 231 gold pieces.

Inventory:

Hand Weapons
 a - a +0 flail (weapon)
Missiles
 d - 3 throwing nets
 e - a large rock
 q - 2 poisoned darts
 y - 3 atropa-tipped darts (quivered)
Armour
 b - a +0 robe (worn)
 f - a +2 hat (worn)
Jewellery
 w - an amulet of reflection (around neck)
Wands
 r - a wand of polymorph (8)
Scrolls
 k - 3 scrolls of immolation
 x - a scroll of teleportation
Potions
 h - 4 potions of attraction
 j - a potion of mutation
 l - 3 potions of lignification
 m - 3 potions of brilliance {unknown}
 o - a potion of cancellation {unknown}
 s - a potion of might
 t - a potion of haste
 u - a potion of magic
 v - 3 potions of curing


   Skills:
 + Level 6.8 Fighting
 + Level 5.9 Maces & Flails
 + Level 6.1 Throwing
 - Level 3.0 Dodging
 + Level 3.5 Invocations


You had 7 spell levels left.
You didn't know any spells.
Your spell library contained the following spells:

 Spells                   Type           Power      Damage    Failure   Level
 Foxfire                  Conj/Fire      0%         2x1d4     41%         1
 Cigotuvi's Dreadful Rot  Necr/Pois/Air  0%         N/A       54%         2
 Dispel Undead            Necr           0%         3d6       99%         4
 Plasma Beam              Fire/Air       0%         2x1d10    100%        6
 Starburst                Conj/Fire      0%         6d3       100%        6
 Death Channel            Necr           Unusable   N/A       N/A         6

Dungeon Overview and Level Annotations

Branches:
Dungeon (6/15)             Temple (0/1) D:4         Ossuary (visited)

Altars:
Fedhas
Okawaru
Wu Jian

Shops:
D:2 [

Annotations:
D:3 2 transporters


Innate Abilities, Weirdness & Mutations

You are too large for most types of armour.
You have tough skin. (AC +1)
You are partially covered in iridescent scales. (AC +2)
Your flesh is cold resistant. (rC+)
You are covered in fur. (AC +1)
Your muscles are strong. (Str +4, Int/Dex -1)


Message History

The steam dragon bites you.
* * * LOW HITPOINT WARNING * * *
The steam dragon claws you.
* * * LOW HITPOINT WARNING * * *
You block the steam dragon's attack. The steam dragon claws you.
* * * LOW HITPOINT WARNING * * *
It was a potion of heal wounds.
You feel much better.
You are engulfed in a cloud of scalding steam.
* * * LOW HITPOINT WARNING * * *
The steam dragon bites you!
* * * LOW HITPOINT WARNING * * *
The steam dragon claws you.
* * * LOW HITPOINT WARNING * * *
Throw: 5 darts (atropa)
Press: ? - help, Q - select action, (/) - cycle Shift-Dir - straight line, f/p - steam dragon
Aim: a steam dragon (moderately wounded, 59% to hit, chance to blind on hit: 75%)
You throw an atropa-tipped dart.
The atropa-tipped dart hits the steam dragon.
The steam dragon appears confused.
The steam dragon is moderately wounded.
You hit the steam dragon.
The steam dragon is heavily wounded.
The steam dragon seems less confused.
The steam dragon bites you.
* * * LOW HITPOINT WARNING * * *
The steam dragon claws you.
* * * LOW HITPOINT WARNING * * *
You hit the steam dragon.
The steam dragon is severely wounded.
You are no longer corroded.
The steam dragon bites you.
* * * LOW HITPOINT WARNING * * *
The steam dragon barely misses you.
The steam dragon is no longer blind.
Throw: 4 darts (atropa)
Press: ? - help, Q - select action, (/) - cycle Shift-Dir - straight line, f/p - steam dragon
Aim: a steam dragon (severely wounded, 59% to hit, chance to blind on hit: 75%)
You throw an atropa-tipped dart.
The atropa-tipped dart closely misses the steam dragon.
The steam dragon bites you!
You die...

***,* *,,,,,*,,,.,,,*
,*,** *,,,,,,,,,.,,,*
*,*,* *,,,*,**##.,,**
***** *,,,*,,,.(#*>*
*,*,****,,,****#.#***
,,,,,,**,,,* #(#
*****,,,,,,* #.#
******** #D# #@#
*********** #.#
#.........# #.#
#.^.......# #.#
#.........# #.#
#.........######'##
#.........#.......#
#.........#.......#
#.........#......)#


You could see a steam dragon.

Vanquished Creatures
  Sigmund (D:3)
  2 ogres
  A centaur (D:3)
  A phantom (D:5)
  A scorpion (D:5)
  2 centaur zombies (Ossuary)
  A hound (D:5)
  A gnoll bouda (D:4)
  A jelly (D:6)
  2 human zombies (Ossuary)
  5 iguanas
  A sleepcap (D:5)
  Jessica (D:2)
  Ijyb (D:3)
  An orc wizard (D:4)
  Natasha (thrice) (D:3)
  5 mummies
  8 adders
  6 gnolls
  3 worms
  3 dart slugs
  6 orcs
  10 ball pythons
  3 bats
  6 endoplasms
  6 giant cockroaches
  10 goblins
  9 hobgoblins
  3 jackals (D:1)
  2 quokkas
  A frilled lizard (D:1)
  2 gnoll zombies (Ossuary)
  8 kobolds
  3 kobold zombies
  An orc zombie (Ossuary)
  7 rats
127 creatures vanquished.

Notes
Turn   | Place    | Note
-------+----------+-------------------------------------------
     0 | D:1      | Smoke131 the Ogre Gladiator began the quest for the Orb.
     0 | D:1      | Reached XP level 1. HP: 22/22 MP: 1/1
   100 | D:1      | Reached XP level 2. HP: 25/29 MP: 2/2
   423 | D:1      | Reached XP level 3. HP: 37/37 MP: 3/3
   572 | D:1      | Found a faded altar of an unknown god.
   953 | D:2      | Found Quisen's Armour Emporium.
  1014 | D:2      | Reached XP level 4. HP: 36/48 MP: 4/4
  1323 | D:2      | Found an iron altar of Okawaru.
  1368 | D:2      | Became a worshipper of Warmaster Okawaru
  1609 | D:2      | Noticed Jessica
  1619 | D:2      | Killed Jessica
  1620 | D:2      | Reached XP level 5. HP: 52/54 MP: 5/5
  1939 | D:3      | Noticed Ijyb
  1943 | D:3      | Killed Ijyb
  2060 | D:3      | Noticed Sigmund
  2063 | D:3      | Found a blossoming altar of Fedhas.
  2066 | D:3      | Killed Sigmund
  2066 | D:3      | Reached * piety under Okawaru
  2067 | D:3      | Reached skill level 5 in Fighting
  2067 | D:3      | Reached XP level 6. HP: 65/66 MP: 6/6
  2128 | D:3      | Found an ornate altar of the Wu Jian Council.
  2175 | D:3      | Noticed Natasha
  2176 | D:3      | Killed Natasha
  2216 | D:3      | Found a transporter.
  2227 | D:3      | Found a transporter.
  2364 | D:3      | Reached XP level 7. HP: 52/72 MP: 7/7
  2544 | D:3      | Noticed Natasha
  2547 | D:3      | Killed Natasha
  2565 | D:3      | Noticed Natasha
  2569 | D:3      | Killed Natasha
  2697 | D:3      | Gained mutation: You are covered in fur. (AC +1) [potion of
                  | mutation]
  2697 | D:3      | Gained mutation: Your muscles are strong. (Str +4, Int/Dex
                  | -1) [potion of mutation]
  2697 | D:3      | Gained mutation: You are partially covered in iridescent
                  | scales. (AC +2) [potion of mutation]
  2697 | D:3      | Gained mutation: Your flesh is cold resistant. (rC+)
                  | [potion of mutation]
  2782 | D:4      | Found a staircase to the Ecumenical Temple.
  2963 | D:4      | Reached skill level 5 in Maces & Flails
  2963 | D:4      | Reached skill level 5 in Throwing
  3134 | D:4      | Found a sand-covered staircase.
  3148 | Ossuary  | Entered an ossuary
  3256 | Ossuary  | Reached skill level 1 in Invocations
  4073 | D:5      | Entered Level 5 of the Dungeon
  4103 | D:4      | Reached XP level 8. HP: 9/83 MP: 9/9
  4670 | D:5      | Reached ** piety under Okawaru
  5325 | D:6      | HP: 2/84 [steam dragon (3)]
  5329 | D:6      | Slain by a steam dragon

Illustrated notes

Levels and vault maps discovered:
D:1:      eino_arrival_druids_welcome, layout_basic, basic_ecumenical_altar
D:2:      minmay_evil_eye, layout_basic, serial_shops, shop, basic_altar,
          uniq_jessica
D:3:      gammafunk_steamed_eel, layout_basic, fedhas_altar_3,
          nicolae_wu_jian_glorious_leap, minmay_cupped, uniq_natasha, uniq_ijyb,
          uniq_sigmund
D:4:      layout_basic, minmay_temple_entry_trees, nicolae_ossuary_entry_giza,
          minmay_quantized
D:5:      layout_basic, nicolae_figureground_pulse
D:6:      layout_basic, grunt_qazlal_clouds, portal_sewer_entry_d,
          chequers_garden, minmay_small_thing

Skill      XL: |  1  2  3  4  5  6  7  8 |
---------------+-------------------------+-----
Fighting       | 3 4 5 6 |  6.8
Maces & Flails | 3 4 5 |  5.9
Dodging        | 3 |  3.0
Throwing       | 3 4 5 6 |  6.1
Invocations    | 2 3 |  3.5

Action                     |  1- 3 |  4- 6 |  7- 9 || total
---------------------------+-------+-------+-------++-------
  Melee: Flail             |    92 |   110 |   241 ||   443
         Punch             |     1 |       |     5 ||     6
  Throw: Dart              |       |     9 |     8 ||    17
         Large rock        |       |     2 |     2 ||     4
  Evoke: Wand              |       |     4 |    13 ||    17
    Use: Scroll            |       |       |    10 ||    10
         Potion            |       |       |     6 ||     6
   Stab: Distracted        |       |       |     1 ||     1
         Sleeping          |       |       |     1 ||     1
 Armour: Robe              |    78 |   109 |   185 ||   372
  Dodge: Dodged            |    51 |    93 |   121 ||   265
  Block: Other             |       |       |    22 ||    22

Table legend: (Time is in decaauts)
 A = Elapsed time spent in this place.
 B = Non-inter-level travel time spent in this place.
 C = Inter-level travel time spent in this place.
 D = Time resting spent in this place.
 E = Time spent auto-exploring this place.
 F = Levels seen in this place.
 G = Mean time per level.
                   A        B        C        D        E       F      G
               +--------+--------+--------+--------+--------+-----+--------+
         Total |   5381 |   5014 |    367 |    424 |   3022 |   7 |  768.7 |
       Dungeon |   5048 |   4681 |    367 |    355 |   3022 |   6 |  841.3 |
       Ossuary |    333 |    333 |      0 |     69 |      0 |   1 |  333.0 |
               +--------+--------+--------+--------+--------+-----+--------+

Top non-repeatable levels by time:
     D:4: 1322 daAuts
     D:2: 1049 daAuts
     D:3: 984 daAuts
     D:5: 897 daAuts
     D:1: 730 daAuts
 Ossuary: 333 daAuts
     D:6: 62 daAuts
